 Dungeon Crawl Stone Soup version 0.29.1-2-gbd0b4ee654 (webtiles) character file.

Game seed: 11697560301052235827

147 cdecastro the Insei (level 5, -1/31 (37) HPs)
             Began as a Merfolk Transmuter on Nov 10, 2022.
             Was an Initiate of Ru.
             Killed from afar by an orc wizard (7 damage)
             ... with a magic dart
             ... on level 4 of the Dungeon.
             The game lasted 00:07:27 (3660 turns).

cdecastro the Insei (Merfolk Transmuter)            Turns: 3660, Time: 00:07:27

HP:   -1/31 (37)    AC:  2    Str: 16    XL:     5   Next: 29%
MP:   2/2           EV: 12    Int: 15    God:    Ru [......]
Gold: 52            SH:  0    Dex: 14    Spells: 2/8 levels left

rFire   . . .      SeeInvis .   a - +6 falchion "Transmigrator" {antimagic, rC++ Stlth+}
rCold   + + .      Faith    .   (no shield)
rNeg    . . .      Spirit   .   x - +0 robe
rPois   +          Reflect  .   (no helmet)
rElec   .          Harm     .   (no cloak)
rCorr   .          Rampage  .   (no gloves)
Will    .....                   (no boots)
Stlth   ++........              (no amulet)
HPRegen 0.10/turn               k - ring of poison resistance
MPRegen 0.08/turn               q - +6 ring of strength

@: heavily drained
A: (nimble swimmer 2), mertail
a: Renounce Religion


You were on level 4 of the Dungeon.
You worshipped Ru.
Ru was noncommittal.
You visited 1 branch of the dungeon, and saw 4 of its levels.

You collected 52 gold pieces.

Inventory:

Hand Weapons
 a - the +6 falchion "Transmigrator" (weapon) {antimagic, rC++ Stlth+}
   (You took it off a hobgoblin on level 3 of the Dungeon)

   It reduces the magical energy of the wielder, and disrupts the spells and
   magical abilities of those it strikes.
   Natural abilities and divine invocations are not affected.
   rC:        It greatly protects you from cold.
   Stlth:     It makes you more stealthy.
 b - a +1 sling of freezing
 B - a +2 dagger of freezing
Missiles
 c - 57 stones
Armour
 j - a +0 ring mail
 n - a +0 cloak
 u - a +2 pair of boots
 x - a +0 robe (worn)
Jewellery
 k - a ring of poison resistance (left hand)
 q - a +6 ring of strength (right hand)
 s - a ring of see invisible
 v - a +6 ring of intelligence
 y - a ring of resist corrosion
Scrolls
 l - 4 scrolls of poison {unknown}
 m - a scroll of teleportation {unknown}
 o - a scroll of fear {unknown}
 p - a scroll of amnesia {unknown}
 t - a scroll of noise {unknown}
 w - a scroll of identify {unknown}
 A - 2 scrolls of enchant weapon {unknown}
 C - 2 scrolls of fog {unknown}
 D - a scroll of summoning {unknown}
 E - a scroll of brand weapon {unknown}
Potions
 d - 2 potions of cancellation {unknown}
 e - a potion of attraction {unknown}
 f - 4 potions of might {unknown}
 g - a potion of brilliance {unknown}
 h - 2 potions of haste {unknown}
 i - a potion of mutation {unknown}
 r - a potion of lignification
 z - a potion of ambrosia {unknown}


   Skills:
 - Level 1.1 Fighting
 - Level 2.6 Dodging
 - Level 5.4 Unarmed Combat
 - Level 2.0 Spellcasting
 + Level 4.8 Transmutations


You had 2 spell levels left.
You knew the following spells:

 Your Spells              Type           Power      Damage    Failure   Level
a - Beastly Appendage     Tmut           32%        N/A       3%          1
b - Wereblood             Tmut           16%        N/A       4%          2
c - Spider Form           Tmut/Pois      8%         N/A       24%         3

Your spell library contained the following spells:

 Spells                   Type           Power      Damage    Failure   Level
 Summon Small Mammal      Summ           4%         N/A       22%         1
 Call Canine Familiar     Summ           1%         N/A       54%         3
 Ozocubu's Armour         Ice            1%         N/A       54%         3
 Summon Guardian Golem    Hex/Summ       1%         N/A       54%         3
 Ice Form                 Ice/Tmut       8%         N/A       63%         4
 Metabolic Englaciation   Hex/Ice        0%         N/A       99%         5
 Simulacrum               Ice/Necr       0%         N/A       100%        6


Dungeon Overview and Level Annotations

Branches:
Dungeon (4/15)
 Temple: D:4-7

Altars:
Ashenzari
Gozag
Nemelex Xobeh
Ru

Annotations:
D:4 3 runed translucent doors, hawla's ghost, novice MeFE


Innate Abilities, Weirdness & Mutations

((You are very nimble when in or above water. (Stealth+, EV+, Speed+++)))
Your lower body shifts to a powerful aquatic tail in water.


Message History

* * * LOW HITPOINT WARNING * * *
The orc wizard attacks as you move away!
The orc wizard misses you.
The orc wizard hits you but does no damage.
You feel drained.
The orc wizard attacks as you move away!
The orc wizard hits you but does no damage.
You feel drained.
There is an open door here.
The orc wizard gestures wildly while chanting.
The orc wizard flickers and vanishes!
Something hits you.
* * * LOW HITPOINT WARNING * * *
A magic dart appears from out of thin air!
The magic dart hits you!
* * * LOW HITPOINT WARNING * * *
Something barely misses you.
You miss something.
You hear some strange, mumbled words.
A puff of flame appears from out of thin air!
The puff of flame misses you.
You hit something but do no damage.
You hear some strange, mumbled words.
A puff of flame appears from out of thin air!
The puff of flame misses you.
You closely miss the orc wizard.
The orc wizard is heavily wounded.
The orc wizard closely misses you.
You closely miss the orc wizard. Your punch misses the orc wizard.
The orc wizard is heavily wounded.
The orc wizard falters for a moment.
You slash the orc wizard!
The orc wizard's magic leaks into the air.
The orc wizard is almost dead.
The orc wizard closely misses you.
The orc wizard falters for a moment.
You slash the orc wizard!
You kill the orc wizard!
A magic dart appears from out of thin air!
The magic dart hits you!
You die...

#.........#####
########..#
#..# #.## #.#
#.# #.# #.# #@#
#)##
#{{#########
###.........
#.........
#...(.....
#.........
#.....$...
#.........


There were no monsters in sight!

Vanquished Creatures
  An orc priest (D:3)
  An orc wizard (D:4)
  3 adders
  A worm (D:2)
  A dart slug (D:1)
  6 orcs
  2 bats (D:2)
  7 endoplasms
  3 giant cockroaches
  7 goblins
  9 hobgoblins
  6 jackals (D:2)
  9 kobolds
  6 ball pythons
  8 frilled lizards
  6 rats
76 creatures vanquished.

Vanquished Creatures (others)
  6 plants (D:3)
6 creatures vanquished.

Grand Total: 82 creatures vanquished

Notes
Turn   | Place    | Note
-------+----------+-------------------------------------------
     0 | D:1      | cdecastro the Merfolk Transmuter began the quest for the
                  | Orb.
     0 | D:1      | Reached XP level 1. HP: 15/15 MP: 3/3
   276 | D:1      | Reached XP level 2. HP: 19/21 MP: 5/5
   608 | D:1      | Reached skill level 4 in Unarmed Combat
  1002 | D:1      | Reached XP level 3. HP: 20/26 MP: 6/6
  1433 | D:2      | Learned a level 2 spell: Wereblood
  1437 | D:2      | Learned a level 3 spell: Spider Form
  1462 | D:2      | Found a sparkling altar of Nemelex Xobeh.
  2279 | D:2      | Found a faded altar of an unknown god.
  2288 | D:2      | Reached XP level 4. HP: 28/32 MP: 7/7
  2324 | D:2      | Prayed at the altar of an unknown god.
  2324 | D:2      | Became a worshipper of Ru the Awakened
  2718 | D:3      | Reached skill level 5 in Unarmed Combat
  2902 | D:3      | Reached XP level 5. HP: 14/37 MP: 8/8
  3188 | D:3      | Identified the +6 falchion "Transmigrator" {antimagic, rC++
                  | Stlth+}
  3247 | D:3      | Found a broken altar of Ashenzari.
  3603 | D:4      | Found a runed translucent gate.
  3603 | D:4      | Found a runed translucent gate.
  3603 | D:4      | Found an opulent altar of Gozag.
  3603 | D:4      | Found a runed translucent gate.
  3604 | D:4      | Noticed hawla's ghost (novice MeFE)
  3660 | D:4      | Killed from afar by an orc wizard

Illustrated notes

Levels and vault maps discovered:
D:1:      dpeg_arrival_water_temple_mockup, layout_loops_corners
D:2:      layout_loops_cross, basic_altar,
          hellmonk_ecumenical_altar_heavens_door
D:3:      layout_rooms, mainiacjoe_overflow_boulevard, wad_rectangle_vault
D:4:      layout_basic, doesnt_xom_only_xom, serial_glass, glass_columns_c,
          glass_columns_c, glass_columns_c, glass_columns_a, ebering_ghost_gozag

Skill      XL: |  1  2  3  4 |
---------------+-------------+-----
Transmutations | 3 4 |  4.8
Unarmed Combat | 4 5 |  5.4
Fighting       | |  1.1
Dodging        | |  2.6
Spellcasting   | |  2.0

Action                   |  1- 3 |  4- 6 || total
-------------------------+-------+-------++-------
Melee: Unarmed           |   141 |    60 ||   201
       Punch             |     3 |     2 ||     5
       Headbutt          |     4 |    10 ||    14
       Falchion          |       |    24 ||    24
       Dagger            |       |     6 ||     6
 Cast: Beastly Appendage |     4 |     4 ||     8
Invok: Reject Sacrifices |       |     1 ||     1
 Stab: Sleeping          |     6 |     2 ||     8
Armor: Robe              |    12 |    18 ||    30
Dodge: Dodged            |    78 |    46 ||   124
